 Dungeon Crawl Stone Soup version 0.24.0-2-g5b39cebb1c (webtiles) character file.

Game seed: 31839230125437798, levelgen mode: deterministic

4471 Esekla the Carver (level 10, -6/66 HPs)
             Began as an Octopode Abyssal Knight on Oct 29, 2019.
             Was a High Priest of Lugonu.
             Mangled by a black mamba (10 damage)
             ... on level 1 of the Lair of Beasts.
             The game lasted 01:01:49 (7367 turns).

Esekla the Carver (Octopode Abyssal Knight)         Turns: 7367, Time: 01:01:49

Health: -6/66      AC:  1    Str: 16    XL:     10   Next: 37%
Magic:  14/14      EV: 16    Int: 16    God:    Lugonu [*****.]
Gold:   516        SH:  0    Dex: 15    Spells: 8/15 levels left

rFire    + . .     SeeInvis .   d - +9 scimitar of Zuetic {flame, rF+ Str+4}
rCold    + . .     Gourm    .   (no shield)
rNeg     + . .     Faith    .   (helmet restricted)
rPois    .         Spirit   .   h - amulet of regeneration
rElec    .         Reflect  .   C - ring of protection from magic
rCorr    .         Harm     .   J - ring of positive energy
MR       +....                  (no ring)
Stlth    ++++......             (no ring)
HPRegen  0.61/turn              (no ring)
MPRegen  0.14/turn              (no ring)
                                (no ring)
                                (no ring)

@: lethally poisoned (-6 -> -9)
A: almost no armour, stealthy swim, amphibious, 8 rings, constrict 8, antennae
1, camouflage 1, clever 1, cold resistance 1, gelatinous body 1
a: Depart the Abyss, Bend Space, Banish, Corrupt, Enter the Abyss, Renounce
Religion


You were on level 1 of the Lair of Beasts.
You worshipped Lugonu.
Lugonu was extremely pleased with you.
You were not hungry.

You visited 2 branches of the dungeon, and saw 10 of its levels.
You visited the Abyss 1 time.
You also visited: Ossuary.

You collected 516 gold pieces.

Inventory:

Hand Weapons
 a - a +2 falchion
 d - the +9 scimitar of Zuetic (weapon) {flame, rF+ Str+4}
   (You found it on level 2 of the Abyss)

   It has been specially enchanted to burn those struck by it, causing extra
   injury to most foes and up to half again as much damage against particularly
   susceptible opponents.
   Big, fiery blades are also staple armaments of hydra-hunters.
   It affects your strength (+4).
   It protects you from fire.
 p - a +2 spear of venom
Missiles
 f - 2 throwing nets
 g - 5 curare-tipped darts
 w - 2 atropa-tipped darts
 y - 21 poisoned darts (quivered)
 A - 5 silver javelins
Armour
 x - a +1 shield
Jewellery
 h - an amulet of regeneration (around mantle)
 C - a ring of protection from magic (left tentacle)
 J - a ring of positive energy (right tentacle)
Wands
 E - a wand of iceblast (7)
Scrolls
 j - 2 scrolls of remove curse
 m - 2 scrolls of enchant weapon
 o - 2 scrolls of amnesia
 r - a scroll of magic mapping
 s - 2 scrolls of fear
 B - 3 scrolls of immolation
 H - a scroll of noise {unknown}
 K - 2 scrolls of identify
Potions
 i - a potion of mutation
 k - a potion of agility
 l - 5 potions of curing
 n - 2 potions of brilliance
 q - 2 potions of ambrosia
 u - 3 potions of invisibility
 v - 3 potions of flight
 z - a potion of haste {unknown}
 D - a potion of berserk rage {unknown}
 F - a potion of might {unknown}
 G - a potion of heal wounds {unknown}
 I - 2 potions of lignification
Comestibles
 b - 14 rations


   Skills:
 + Level 5.0 Fighting
 * Level 10.2 Long Blades
 * Level 5.0 Dodging
 - Level 4.0 Stealth
 * Level 3.0 Spellcasting
 * Level 3.9 Conjurations
 * Level 3.3 Fire Magic
 * Level 3.4 Air Magic
 * Level 4.2 Poison Magic
 + Level 2.4 Invocations


You had 8 spell levels left.
You knew the following spells:

 Your Spells              Type           Power        Failure   Level  Hunger
a - Magic Dart            Conj           ###.         3%          1    #......
c - Mephitic Cloud        Conj/Pois/Air  ##......     12%         3    ###....
f - Conjure Flame         Conj/Fire      ##......     13%         3    ###....

Your spell library contained the following spells:

 Spells                   Type           Power        Failure   Level  Hunger
 Blink                    Tloc           N/A          28%         2    ##.....
 Call Imp                 Summ           #.......     28%         2    ##.....
 Slow                     Hex            #.......     28%         2    ##.....


Dungeon Overview and Level Annotations

Branches:
Dungeon (9/15)             Temple (0/1) D:4            Lair (1/6) D:8
Ossuary (visited)
    Orc: D:9-12

Altars:
Cheibriados
Elyvilon
Gozag
Kikubaaqudgha
Nemelex Xobeh
Uskayaw
Xom
Zin


Innate Abilities, Weirdness & Mutations

You cannot wear most types of armour.
You are very stealthy in the water. (Stealth+)
You are amphibious.
You can wear up to eight rings at the same time.
You can use your tentacles to constrict eight enemies at once.
Your skin changes colour to match your surroundings (Stealth+).
Your rubbery body absorbs attacks. (AC +1, EV +1)
You have a pair of small antennae on your head.
Your mind is acute. (Int +2)
Your flesh is cold resistant. (rC+)


Message History

You closely miss the black mamba. You grab the black mamba.
The black mamba is lightly wounded.
You constrict the black mamba.
You feel sick. The black mamba bites you. The black mamba barely misses you.
You riposte.
You hit the black mamba. You burn the black mamba.
The black mamba is lightly wounded.
You hit the black mamba. You burn the black mamba.
You squeeze the black mamba, but do no damage.
The black mamba is moderately wounded.
You constrict the black mamba.
You feel sick. The black mamba bites you!
You hit the black mamba. You burn the black mamba. You squeeze the black mamba.
The black mamba is severely wounded.
You constrict the black mamba.
You feel sick. The black mamba bites you. The black mamba bites you!
You barely miss the black mamba. You squeeze the black mamba.
The black mamba is almost dead.
You constrict the black mamba.
You feel sick. The black mamba bites you!!
* * * LOW HITPOINT WARNING * * *
The black mamba bites you!
You die...

#.... ..... #....
..... .PP. ......
P.# ...... #.##
#...... ###..#
.......
###.#..##.......
#..<...@S.......
##....P#.#.......
#..[..##########.
##....P# #....##
#....# #....#
#..... #....##


You could see a black mamba.

Vanquished Creatures
  Sigmund (D:2)
  A yak (D:7)
  A human (D:7)
  3 hogs (D:7)
  A hungry ghost (D:8)
  A porcupine (D:8)
  3 orc warriors
  A black bear (D:8)
  2 phantoms
  3 ogres
  2 centaurs (D:6)
  2 big kobolds
  2 elf zombies (Ossuary)
  2 bullfrogs
  A wyvern skeleton (D:7)
  6 scorpions
  8 wights (D:6)
  A bullfrog zombie (D:5)
  A jelly (D:6)
  3 hounds
  2 centaur zombies (Ossuary)
  A human zombie (Ossuary)
  2 orc priests
  2 centaur skeletons
  3 bullfrog skeletons
  A gnoll shaman (D:4)
  Jessica (D:2)
  4 orc wizards
  Natasha (thrice) (D:2)
  3 iguanas
  5 worker ants
  3 big kobold zombies (Ossuary)
  2 hound zombies
  3 mummies (Ossuary)
  5 adders
  18 gnolls
  A shadow imp (D:5)
  2 adder zombies
  A worm (D:4)
  3 dart slugs
  8 leopard geckos
  18 orcs
  2 ball pythons (D:2)
  4 giant cockroaches
  3 gnoll zombies (Ossuary)
  10 hobgoblins
  17 jackals
  16 kobolds
  3 quokkas (D:2)
  10 bats
  5 frilled lizards
  14 goblins
  7 goblin zombies (Ossuary)
  7 jackal zombies
  4 kobold zombies (Ossuary)
  An orc zombie (Ossuary)
  2 quokka zombies (Ossuary)
  7 rats
  5 rat zombies (Ossuary)
  A fungus (D:5)
254 creatures vanquished.

Notes
Turn   | Place    | Note
-------+----------+-------------------------------------------
     0 | Abyss:1  | Esekla the Octopode Abyssal Knight began the quest for the
                  | Orb.
     0 | Abyss:1  | Reached XP level 1. HP: 16/16 MP: 2/2
    25 | Abyss:1  | Noticed a quasit
    26 | Abyss:1  | Noticed an insubstantial wisp
    28 | Abyss:1  | Noticed a worldbinder
    37 | Abyss:1  | Noticed an insubstantial wisp
    55 | Abyss:2  | Got an iridescent scimitar
    56 | Abyss:2  | Identified the +9 scimitar of Zuetic {flame, rF+ Str+4}
                  | (You found it on level 2 of the Abyss)
    63 | Abyss:2  | Noticed a ynoxinul
    68 | D:1      | Escaped the Abyss
   353 | D:1      | Reached XP level 2. HP: 14/21 MP: 3/3
   510 | D:2      | Noticed Natasha
   516 | D:2      | Killed Natasha
   516 | D:2      | Reached skill level 1 in Stealth
   516 | D:2      | Reached XP level 3. HP: 14/26 MP: 4/4
   546 | D:2      | Reached * piety under Lugonu
   673 | D:2      | Noticed Sigmund
   696 | D:2      | Reached skill level 3 in Long Blades
   705 | D:2      | Reached XP level 4. HP: 20/31 MP: 5/5
   720 | D:2      | Noticed Natasha
   730 | D:2      | Killed Natasha
   818 | D:2      | Noticed Natasha
   840 | D:2      | Reached XP level 5. HP: 36/36 MP: 6/6
   861 | D:2      | Killed Natasha
   862 | D:2      | Noticed Jessica
   865 | D:2      | Killed Jessica
   865 | D:2      | Reached skill level 4 in Long Blades
  1134 | D:2      | Reached XP level 6. HP: 30/42 MP: 7/7
  1284 | D:2      | Killed Sigmund
  1284 | D:2      | Reached skill level 5 in Long Blades
  1492 | D:1      | Reached ** piety under Lugonu
  2137 | D:3      | Reached XP level 7. HP: 33/47 MP: 8/8
  2381 | D:3      | Found an ancient bone altar of Kikubaaqudgha.
  2725 | D:4      | Found a snail-covered altar of Cheibriados.
  2797 | D:4      | Found a staircase to the Ecumenical Temple.
  2798 | D:4      | Reached skill level 6 in Long Blades
  2815 | D:3      | Learned a level 3 spell: Conjure Flame
  2819 | D:3      | Learned a level 3 spell: Mephitic Cloud
  3077 | D:4      | Reached *** piety under Lugonu
  3347 | D:4      | Found a sparkling altar of Nemelex Xobeh.
  3434 | D:4      | Reached skill level 1 in Poison Magic
  3441 | D:4      | Reached skill level 1 in Conjurations
  3441 | D:4      | Reached XP level 8. HP: 43/54 MP: 9/9
  3576 | D:4      | Reached skill level 1 in Air Magic
  3777 | D:5      | Entered Level 5 of the Dungeon
  3786 | D:5      | Reached skill level 1 in Spellcasting
  3786 | D:5      | Reached skill level 1 in Fire Magic
  3927 | D:5      | Found an opulent altar of Gozag.
  4012 | D:5      | Reached skill level 7 in Long Blades
  4045 | D:5      | Found a shimmering altar of Xom.
  4087 | D:5      | Gained mutation: Scrolls take you a little longer to read.
                  | [potion of mutation]
  4087 | D:5      | Gained mutation: Your mind is acute. (Int +2) [potion of
                  | mutation]
  4087 | D:5      | Gained mutation: Your mind is very acute. (Int +4) [potion
                  | of mutation]
  4087 | D:5      | Gained mutation: Your spells are a little harder to cast,
                  | but a little more powerful. [potion of mutation]
  4088 | D:5      | Lost mutation: Your spells are a little harder to cast, but
                  | a little more powerful. [potion of mutation]
  4088 | D:5      | Lost mutation: Your mind is very acute. (Int +4) [potion of
                  | mutation]
  4088 | D:5      | Lost mutation: Scrolls take you a little longer to read.
                  | [potion of mutation]
  4088 | D:5      | Gained mutation: You have a pair of small antennae on your
                  | head. [potion of mutation]
  4088 | D:5      | Gained mutation: Your flesh is cold resistant. (rC+)
                  | [potion of mutation]
  4732 | D:6      | Found a sand-covered staircase.
  4742 | D:6      | Reached skill level 8 in Long Blades
  4752 | D:6      | Reached XP level 9. HP: 58/58 MP: 11/11
  4755 | D:6      | Reached **** piety under Lugonu
  4785 | Ossuary  | Entered an ossuary
  5441 | D:6      | Reached skill level 9 in Long Blades
  5732 | D:6      | Reached ***** piety under Lugonu
  6038 | D:7      | Found a shimmering altar of Xom.
  6077 | D:7      | Found a white marble altar of Elyvilon.
  6447 | D:7      | Reached XP level 10. HP: 46/65 MP: 9/14
  6472 | D:7      | Reached skill level 10 in Long Blades
  6878 | D:8      | Reached skill level 5 in Fighting
  6878 | D:8      | Reached skill level 5 in Dodging
  6924 | D:8      | Found a hide-covered altar of Uskayaw.
  7107 | D:7      | Found a glowing silver altar of Zin.
  7116 | D:7      | Learned a level 1 spell: Magic Dart
  7337 | D:8      | Found a staircase to the Lair.
  7349 | Lair:1   | Entered Level 1 of the Lair of Beasts
  7360 | Lair:1   | Noticed a black mamba
  7367 | Lair:1   | Mangled by a black mamba

Levels and vault maps discovered:
D:1:      dpeg_arrival_tiny_a, layout_basic, minmay_quantized
D:2:      kennysheep_the_goblin_king, layout_rooms, uniq_sigmund, uniq_jessica,
          uniq_natasha
D:3:      layout_loops_ring, lemuel_coloured_pillars_altar
D:4:      layout_rooms, kennysheep_mini_moat, cheibriados_altar_1,
          minmay_temple_entry_arrows, serial_co_window_serial,
          co_window_corner_a, co_window_paths_b, co_window_paths_a,
          co_window_paths_b, co_window_corner_a, co_window_paths_b,
          co_window_paths_c, co_window_cross_2, co_window_cross_3,
          co_window_of_opportunity_c, co_window_paths_c, co_window_paths_e,
          glass_columns_b, glass_columns_a, glass_columns_c, glass_columns_a,
          first_ration, minivault_23
D:5:      layout_loops_cross, xom_confusion_cloud, st_stairs_8,
          grunt_gozag_statues, uniq_crazy_yiuf_cottage
D:6:      layout_layer_cave, nicolae_ossuary_entry_false_entrances
D:7:      layout_basic, zin_scriptorium, lemuel_doored_altar, basic_altar,
          grunt_livestock
D:8:      layout_basic, grunt_lair_entry_orc_guard_hut, basic_altar
D:9:      layout_stronghold, nicolae_overflow_crystal_walls,
          fiery_altar_vehumet, lightli_wizard_tower
Lair:1:   layout_gridlike, serial_bayou_shore_b, grunt_megastairs_1

Skill      XL: |  1  2  3  4  5  6  7  8  9 10 |
---------------+-------------------------------+-----
Stealth        | 1 3 4 |  4.0
Long Blades    | 3 4 5 6 8 9 10 | 10.2
Dodging        | 3 4 5 |  5.0
Poison Magic   | 1 2 3 4 |  4.2
Conjurations   | 1 2 3 |  3.9
Air Magic      | 1 2 3 |  3.4
Fighting       | 4 5 |  5.0
Spellcasting   | 1 2 3 |  3.0
Fire Magic     | 2 3 |  3.3
Invocations    | |  2.4

Action                   |  1- 3 |  4- 6 |  7- 9 | 10-12 || total
-------------------------+-------+-------+-------+-------++-------
Melee: Scimitar          |    22 |    68 |   227 |    49 ||   366
       Tentacles         |     4 |     5 |    47 |    11 ||    67
       Constrict         |     3 |    14 |    66 |     5 ||    88
Throw: Dart              |       |       |    16 |     5 ||    21
       Javelin           |       |       |     8 |       ||     8
 Cast: Mephitic Cloud    |       |       |     4 |     3 ||     7
Invok: Depart the Abyss  |     1 |       |       |       ||     1
       Bend Space        |       |       |     2 |     2 ||     4
  Use: Scroll            |       |       |    16 |     4 ||    20
       Potion            |       |       |     6 |       ||     6
 Stab: Sleeping          |     6 |     5 |    19 |     4 ||    34
       Distracted        |       |       |     1 |       ||     1
       Confused          |       |       |       |     4 ||     4
  Eat: Chunk             |       |     3 |     8 |     3 ||    14
       Ration            |       |       |     2 |     1 ||     3
Armor: Skin              |     3 |     5 |     8 |     1 ||    17
Dodge: Dodged            |    21 |    45 |   147 |    13 ||   226
       Rpst.: Scimitar   |     9 |    12 |    47 |     4 ||    72
